NYP
STATE COLLEGE SPIKES @ MAHONING VALLEY SCRAPPERS
08/22/2099
 
TOP OF THE 1ST
State College Spikes batting - Pitching for Mahoning Valley Scrappers : RHP Elijah Cooper
Pitching: RHP Elijah Cooper
Batting: RHB Dave Petri 0-0: Ball
1-0: Ball
2-0: Swinging Strike
2-1: Ball
3-1: Base on Balls
Batting: RHB Danny Banning 0-0: Ball
1-0: Grounds into double play, 6-4-3 (Groundball, 6, EV 85.6 MPH)
Batting: RHB Han-seung Chung 0-0: Foul Ball, location: 2F
0-1: Ball
1-1: Foul Ball, location: 9LDF
1-2: DOUBLE (Line Drive, 7LD, EV 101.3 MPH)
Batting: RHB Pat Gonzales 0-0: Ball
1-0: DOUBLE (Line Drive, 89D, EV 105.0 MPH)
Han-seung Chung scores
Batting: RHB Onye Gayagoy 0-0: Ball
1-0: Called Strike
1-1: Foul Ball, location: 2RF
1-2: Foul Ball, location: 7LMF
1-2: Ball
2-2: Strikes out looking
Top of the 1st over - 1 run, 2 hits, 0 errors, 1 left on base; State College 1 - Mahoning Valley 0
BOTTOM OF THE 1ST
Mahoning Valley Scrappers batting - Pitching for State College Spikes : RHP Pat McLaughlin
Pitching: RHP Pat McLaughlin
Batting: RHB Jairo Medina 0-0: Called Strike
0-1: Ball
1-1: Ball
2-1: Ground out 2-3 (Groundball, 2L, EV 70.6 MPH)
Batting: RHB Adam Van Leuven 0-0: Fly out, F8 (Flyball, 78M, EV 96.9 MPH)
Batting: RHB Ed Donohue 0-0: Ball
1-0: Ball
2-0: Ball
3-0: Base on Balls
Batting: LHB David Fernandez 0-0: Ball
1-0: Foul Ball, location: 2F
1-1: Ball
2-1: TRIPLE (Line Drive, 89XD, EV 99.4 MPH)
Ed Donohue scores
Batting: LHB Danny Wright 0-0: Foul Ball, location: 2F
0-1: Ball
1-1: Ground out 3-1 (Groundball, 34, EV 81.9 MPH)
Bottom of the 1st over - 1 run, 1 hit, 0 errors, 1 left on base; State College 1 - Mahoning Valley 1
TOP OF THE 2ND
State College Spikes batting - Pitching for Mahoning Valley Scrappers : RHP Elijah Cooper
Batting: RHB Ed McManus 0-0: Ball
1-0: Foul Ball, location: 2F
1-1: Swinging Strike
1-2: Fly out, F4 (Flyball, 34D, EV 90.6 MPH)
Batting: RHB Steve Michael 0-0: Ball
1-0: Ball
2-0: Ball
3-0: Called Strike
3-1: Ground out 5-3 (Groundball, 56, EV 104.4 MPH)
Batting: LHB Mike Stone 0-0: Ball
1-0: Swinging Strike
1-1: Swinging Strike
1-2: Ball
2-2: Ground out 6-3 (Groundball, 6M, EV 88.1 MPH)
Top of the 2nd over - 0 runs, 0 hits, 0 errors, 0 left on base; State College 1 - Mahoning Valley 1
BOTTOM OF THE 2ND
Mahoning Valley Scrappers batting - Pitching for State College Spikes : RHP Pat McLaughlin
Batting: RHB Nick Barry 0-0: Ground out 6-3 (Groundball, 56, EV 97.5 MPH)
Batting: LHB Mark Grahn 0-0: Fly out, F8 (Flyball, 89D, EV 102.5 MPH)
Batting: RHB Danny Wheelock 0-0: Ball
1-0: Called Strike
1-1: Foul Ball, location: 3DF
1-2: Strikes out swinging
Bottom of the 2nd over - 0 runs, 0 hits, 0 errors, 0 left on base; State College 1 - Mahoning Valley 1
TOP OF THE 3RD
State College Spikes batting - Pitching for Mahoning Valley Scrappers : RHP Elijah Cooper
Batting: RHB Ben Mountford 0-0: Called Strike
0-1: Swinging Strike
0-2: Ball
1-2: SINGLE (Line Drive, 8RS, EV 90.0 MPH)
Batting: RHB Dave Petri 0-0: Swinging Strike
0-1: Ball
1-1: Fly out, F9 (Flyball, 9S, EV 84.4 MPH)
Batting: RHB Danny Banning 0-0: Ball
1-0: Ball
2-0: Ball
3-0: Base on Balls
Ben Mountford to second
Batting: RHB Han-seung Chung 0-0: Grounds into double play, 5-4-3 (Groundball, 56, EV 94.4 MPH)
Top of the 3rd over - 0 runs, 1 hit, 0 errors, 1 left on base; State College 1 - Mahoning Valley 1
BOTTOM OF THE 3RD
Mahoning Valley Scrappers batting - Pitching for State College Spikes : RHP Pat McLaughlin
Batting: RHB Justin Honaker 0-0: Foul Ball, location: 2F
0-1: Ball
1-1: Swinging Strike
1-2: Strikes out swinging
Batting: RHB Jairo Medina 0-0: Called Strike
0-1: Foul Ball, location: 3DF
0-2: Strikes out swinging
Batting: RHB Adam Van Leuven 0-0: Called Strike
0-1: TRIPLE (Line Drive, 89XD, EV 105.6 MPH)
Batting: RHB Ed Donohue 0-0: Swinging Strike
0-1: Ball
1-1: Swinging Strike
1-2: Ball
2-2: Ball
3-2: Strikes out looking
Bottom of the 3rd over - 0 runs, 1 hit, 0 errors, 1 left on base; State College 1 - Mahoning Valley 1
TOP OF THE 4TH
State College Spikes batting - Pitching for Mahoning Valley Scrappers : RHP Elijah Cooper
Batting: RHB Pat Gonzales 0-0: Called Strike
0-1: Ball
1-1: Ball
2-1: Foul Ball, location: 2F
2-2: Foul Ball, location: 3FF
2-2: Ball
3-2: Strikes out swinging, 2-3 out at first.
Batting: RHB Onye Gayagoy 0-0: Fly out, F9 (Flyball, 9, EV 81.3 MPH)
Batting: RHB Ed McManus 0-0: Swinging Strike
0-1: Ball
1-1: Called Strike
1-2: Ball
2-2: Strikes out swinging
Top of the 4th over - 0 runs, 0 hits, 0 errors, 0 left on base; State College 1 - Mahoning Valley 1
BOTTOM OF THE 4TH
Mahoning Valley Scrappers batting - Pitching for State College Spikes : RHP Pat McLaughlin
Batting: LHB David Fernandez 0-0: Foul Ball, location: 2F
0-1: Foul Ball, location: 25F
0-2: Strikes out swinging
Batting: LHB Danny Wright 0-0: Ball
1-0: SINGLE (Line Drive, 34, EV 106.9 MPH)
Batting: RHB Nick Barry 0-0: SINGLE (Line Drive, 8RS, EV 103.8 MPH)
Danny Wright to second
Danny Wright to third
Batting: LHB Mark Grahn 0-0: Swinging Strike
0-1: Ball
1-1: Swinging Strike
1-2: Ball
2-2: Grounds into double play, 2-4-3 (Groundball, 2L, EV 71.3 MPH)
Bottom of the 4th over - 0 runs, 2 hits, 0 errors, 1 left on base; State College 1 - Mahoning Valley 1
TOP OF THE 5TH
State College Spikes batting - Pitching for Mahoning Valley Scrappers : RHP Elijah Cooper
Batting: RHB Steve Michael 0-0: Ball
1-0: Ball
2-0: Called Strike
2-1: Swinging Strike
2-2: Strikes out looking
Batting: LHB Mike Stone 0-0: Called Strike
0-1: Foul Ball, location: 7LSF
0-2: Ball
1-2: Ball
2-2: Ball
3-2: Base on Balls
Batting: RHB Ben Mountford 0-0: DOUBLE (Line Drive, 7LS, EV 93.1 MPH)
Mike Stone to third
Runner from 3rd tries for Home, SAFE, no throw by LF
Batting: RHB Dave Petri 0-0: Ball
1-0: Ground out 5-3 (Groundball, 56, EV 90.0 MPH)
Batting: RHB Danny Banning 0-0: Ball
1-0: Ball
Wild Pitch!
Ben Mountford to third
2-0: Ball
3-0: Called Strike
3-1: Base on Balls
Batting: RHB Han-seung Chung 0-0: Foul Ball, location: 3DF
0-1: Called Strike
0-2: Strikes out swinging
Top of the 5th over - 1 run, 1 hit, 0 errors, 2 left on base; State College 2 - Mahoning Valley 1
BOTTOM OF THE 5TH
Mahoning Valley Scrappers batting - Pitching for State College Spikes : RHP Pat McLaughlin
Batting: RHB Danny Wheelock 0-0: Swinging Strike
0-1: Ball
1-1: Ground out U3 (Groundball, 34S, EV 84.4 MPH)
Batting: RHB Justin Honaker 0-0: Ball
1-0: Fly out, F8 (Flyball, 8RS, EV 96.3 MPH)
Batting: RHB Jairo Medina 0-0: SINGLE (Line Drive, 4MD, EV 100.6 MPH)
Batting: RHB Adam Van Leuven 0-0: Ball
1-0: Fielders Choice at 2nd, 6-4 (Groundball, 6, EV 105.0 MPH)
Bottom of the 5th over - 0 runs, 1 hit, 0 errors, 1 left on base; State College 2 - Mahoning Valley 1
TOP OF THE 6TH
State College Spikes batting - Pitching for Mahoning Valley Scrappers : RHP Elijah Cooper
Batting: RHB Pat Gonzales 0-0: Ball
1-0: Called Strike
1-1: Fly out, F8 (Flyball, 8RM, EV 85.0 MPH)
Batting: RHB Onye Gayagoy 0-0: Called Strike
0-1: Ball
1-1: Fly out, F7 (Flyball, 7D, EV 108.8 MPH)
Batting: RHB Ed McManus 0-0: Ball
1-0: Fly out, F9 (Flyball, 9LM, EV 104.4 MPH)
Top of the 6th over - 0 runs, 0 hits, 0 errors, 0 left on base; State College 2 - Mahoning Valley 1
BOTTOM OF THE 6TH
Mahoning Valley Scrappers batting - Pitching for State College Spikes : RHP Pat McLaughlin
Batting: RHB Ed Donohue 0-0: Ball
1-0: Ground out 6-3 (Groundball, 6, EV 100.0 MPH)
Batting: LHB David Fernandez 0-0: Ground out 4-3 (Groundball, 4M, EV 84.4 MPH)
Batting: LHB Danny Wright 0-0: Ball
1-0: Called Strike
1-1: Ball
2-1: Ball
3-1: Base on Balls
Batting: RHB Nick Barry 0-0: Ball
1-0: Swinging Strike
1-1: Ball
2-1: Foul Ball, location: 2F
2-2: Strikes out swinging
Bottom of the 6th over - 0 runs, 0 hits, 0 errors, 1 left on base; State College 2 - Mahoning Valley 1
TOP OF THE 7TH
State College Spikes batting - Pitching for Mahoning Valley Scrappers : RHP Elijah Cooper
Batting: RHB Steve Michael 0-0: Foul Ball, location: 9LMF
0-1: Ball
1-1: Ball
2-1: Ball
3-1: Foul Ball, location: 7LSF
3-2: Ground out 5-3 (Groundball, 56, EV 98.1 MPH)
Pitching: RHP Will Hinton
Batting: LHB Mike Stone 0-0: Called Strike
0-1: Ball
1-1: Swinging Strike
1-2: Foul Ball, location: 7LDF
1-2: Ball
2-2: Ball
3-2: Strikes out swinging
Batting: RHB Ben Mountford 0-0: Foul Ball, location: 9LMF
0-1: Ball
1-1: Called Strike
1-2: Ball
2-2: Strikes out swinging
Top of the 7th over - 0 runs, 0 hits, 0 errors, 0 left on base; State College 2 - Mahoning Valley 1
BOTTOM OF THE 7TH
Mahoning Valley Scrappers batting - Pitching for State College Spikes : RHP Pat McLaughlin
Batting: LHB Mark Grahn 0-0: Ball
1-0: Swinging Strike
1-1: Ball
2-1: Foul Ball, location: 5F
2-2: Ground out 4-3 (Groundball, 4MS, EV 83.1 MPH)
Pinch Hitting: LHB Jason Nitzel 0-0: Ground out 6-3 (Groundball, 6M, EV 100.0 MPH)
Batting: RHB Justin Honaker 0-0: Foul Ball, location: 2F
0-1: Ball
1-1: Fly out, F9 (Flyball, 9, EV 96.3 MPH)
Bottom of the 7th over - 0 runs, 0 hits, 0 errors, 0 left on base; State College 2 - Mahoning Valley 1
TOP OF THE 8TH
State College Spikes batting - Pitching for Mahoning Valley Scrappers : RHP Will Hinton
Pitching: RHP Tony Olivarez
Now at 2B: Scott Durfee
Batting: RHB Dave Petri 0-0: Called Strike
0-1: Ball
1-1: Called Strike
1-2: Ground out 5-3 (Groundball, 56S, EV 61.3 MPH)
Batting: RHB Danny Banning 0-0: Swinging Strike
0-1: Swinging Strike
0-2: Strikes out swinging
Batting: RHB Han-seung Chung 0-0: Swinging Strike
0-1: DOUBLE (Flyball, 78XD, EV 104.4 MPH)
Batting: RHB Pat Gonzales 0-0: Intentional Walk
Pinch Runner at 2nd Stan Landwehr:
Batting: RHB Onye Gayagoy 0-0: Swinging Strike
0-1: Swinging Strike
0-2: Foul Ball, location: 2F
0-2: Ball
1-2: Strikes out swinging
Top of the 8th over - 0 runs, 1 hit, 0 errors, 2 left on base; State College 2 - Mahoning Valley 1
BOTTOM OF THE 8TH
Mahoning Valley Scrappers batting - Pitching for State College Spikes : RHP Pat McLaughlin
Now at 1B: Pete Canali
Batting: RHB Jairo Medina 0-0: Ball
1-0: Ball
2-0: Foul Ball, location: 5SF
2-1: SINGLE (Groundball, P, EV 89.4 MPH) (infield hit)
Batting: RHB Adam Van Leuven 0-0: Foul Ball, location: 2F
0-1: Called Strike
0-2: Ball
1-2: Ball
2-2: SINGLE (Groundball, 56D, EV 80.0 MPH) (infield hit)
Jairo Medina to second
Batting: RHB Ed Donohue 0-0: Ball
1-0: Ball
2-0: Called Strike
2-1: Swinging Strike
2-2: Ball
3-2: Strikes out swinging
Batting: LHB David Fernandez 0-0: Called Strike
0-1: Ball
1-1: Ball
2-1: Foul Ball, location: 2LF
2-2: Ball
3-2: 3-RUN HOME RUN (Flyball, 9D, EV 98.1 MPH), Distance : 377 ft
Batting: LHB Danny Wright 0-0: Foul Ball, location: 5DF
0-1: Foul Ball, location: 2F
0-2: Ball
1-2: Foul Ball, location: 2F
1-2: Ball
2-2: Foul Ball, location: 2F
2-2: Foul Ball, location: 7LMF
2-2: TRIPLE (Line Drive, 89XD, EV 98.8 MPH)
Batting: RHB Nick Barry 0-0: Called Strike
0-1: Foul Ball, location: 5FF
0-2: Ground out U3 (Groundball, 34, EV 85.0 MPH)
Batting: LHB Mark Grahn 0-0: Ball
1-0: Ball
2-0: Foul Ball, location: 25F
2-1: Ball
3-1: Ground out 3-1 (Groundball, 34S, EV 88.8 MPH)
Bottom of the 8th over - 3 runs, 4 hits, 0 errors, 1 left on base; State College 2 - Mahoning Valley 4
TOP OF THE 9TH
State College Spikes batting - Pitching for Mahoning Valley Scrappers : RHP Tony Olivarez
Batting: RHB Ed McManus 0-0: Foul Ball, location: 3SF
0-1: Swinging Strike
0-2: Ball
1-2: Foul Ball, location: 2F
1-2: Fly out, F9 (Flyball, 89M, EV 90.6 MPH)
Pinch Hitting: LHB Samppa Osterbur 0-0: Swinging Strike
0-1: Ball
1-1: Swinging Strike
1-2: Hit by Pitch
Pinch Hitting: RHB Jesus Morentin 0-0: Swinging Strike
Samppa Osterbur steals 2nd base
0-1: Ball
1-1: Ball
2-1: Foul Ball, location: 2F
2-2: Ground out 4-3 (Groundball, 4M, EV 100.6 MPH)
Samppa Osterbur to third
Pinch Hitting: LHB Matt Crow 0-0: Foul Ball, location: 7LSF
0-1: Fly out, F9 (Flyball, 9, EV 99.4 MPH)
Top of the 9th over - 0 runs, 0 hits, 0 errors, 1 left on base; State College 2 - Mahoning Valley 4
Sunday, May 12th , 2024 - OOTP Baseball 24.11 Build 85